 Dungeon Crawl Stone Soup version 0.30.0-5-g1a98f26d00 (webtiles) character file.

Game seed: 5466278065129506127

35 RascalDebosk the Magician (level 3, 0/26 (28) HPs)
             Began as a Djinni Necromancer on May 9, 2023.
             Killed by miscasting Vampiric Draining (10 damage)
             ... on level 2 of the Dungeon.
             The game lasted 00:09:21 (1379 turns).

RascalDebosk the Magician (Djinni Necromancer)      Turns: 1379, Time: 00:09:22

HP:   0/26 (28)     AC:  4    Str:  7    XL:     3   Next: 55%
Gold: 88            EV: 11    Int: 18    God:
                    SH:  0    Dex: 13

rFire   + + .        (no weapon)
rCold   x . .        (no shield)
rNeg    . . .        k - +0 leather armour
rPois   ∞            (no helmet)
rElec   .            j - +0 cloak
rCorr   .            (no gloves)
SInv    .            (boots unavailable)
Will    .....        (no amulet)
Stlth   ++           (no ring)
HPRegen 0.24/turn    (no ring)
MPRegen 0.00/turn

%: infuse magic (-1 HP)
@: flying, very slightly contaminated, drained
A: sickness immunity, fire resistance 2, cold vulnerability 1, float, innate
caster, HP casting, extra vitality 1
a: no special abilities


You were on level 2 of the Dungeon.
You visited 1 branch of the dungeon, and saw 2 of its levels.

You collected 88 gold pieces.

Inventory:

Armour
 a - a +0 robe
 j - a +0 cloak (worn)
 k - a +0 leather armour (worn)
 l - a +0 ring mail
Scrolls
 d - a scroll of fog {unknown}
 e - 2 scrolls of teleportation {unknown}
 f - a scroll of poison {unknown}
 g - a scroll of magic mapping {unknown}
 h - a scroll of fear {unknown}
 m - 2 scrolls of identify {unknown}
Potions
 b - a potion of mutation {unknown}
 c - a potion of curing {unknown}
 i - a potion of degeneration {unknown}


   Skills:
 * Level 1.7 Fighting
 + Level 1.0 Armour
 - Level 2.1 Dodging
 - Level 1.5 Stealth
 * Level 3.6 Spellcasting


You knew the following spells:

 Your Spells              Type           Power      Damage    Failure   Level
a - Necrotise             Necr           64%        1d7       4%          1
b - Vampiric Draining     Necr           16%        2d7       16%         3
c - Animate Dead          Necr           16%        N/A       45%         4
d - Agony                 Necr           16%        N/A       80%         5
e - Freeze                Ice            64%        1d7       4%          1
Your spell library was empty.

Dungeon Overview and Level Annotations

Branches:
Dungeon (2/15)

Altars:

Shops:
D:1 =


Innate Abilities, Weirdness & Mutations

You are immune to sickness and miasma.
You are immune to poison.
Your flesh is very heat resistant. (rF++)
You are vulnerable to cold. (rC-)
You float through the air rather than walking.
You learn spells naturally, not from books.
Your magical power is your life essence.
You have superior vitality. (+4 MHP)


Message History

Confirm with . or Enter, or press ? or * to list all spells.
Aiming: Necrotise (safe; 5% risk of failure)
Press: ? - help, Shift-Dir - straight line, f/p - orc
Aim: an orc, wielding a +0 mace (almost dead, chance to affect: 86%)
The orc barely resists.
An orc comes into view. It is wielding a +0 hand axe.
Casting: Necrotise (safe; 5% risk of failure)
Confirm with . or Enter, or press ? or * to list all spells.
The spell is quite dangerous to miscast (16% risk of failure)!
Continue anyway? [Y]es or [N]o only, please.
The spell is quite dangerous to miscast (16% risk of failure)!
Continue anyway?
Aiming: Vampiric Draining (quite dangerous; 16% risk of failure)
Press: ? - help, Shift-Dir - straight line, f/p - orc
Aim: an orc, wielding a +0 mace (almost dead)
You draw life force from the orc!
You kill the orc!
You feel life coursing into your body.
The orc shouts!
You hear a shout!
Casting: Vampiric Draining (quite dangerous; 16% risk of failure)
Confirm with . or Enter, or press ? or * to list all spells.
You can't see any susceptible monsters within range! (Use Z to cast anyway.) Unknown command.
Things that are here:
a +0 mace; an orc corpse
Casting: Vampiric Draining (quite dangerous; 16% risk of failure)
Confirm with . or Enter, or press ? or * to list all spells.
Aiming: Necrotise (safe; 5% risk of failure)
Press: ? - help, Shift-Dir - straight line, f - orc
Aim: an orc, wielding a +0 hand axe and wearing a +0 ring mail (chance to affect: 86%)
The orc writhes in agony!
You kill the orc!
The dead are walking!
An orc comes into view. It is wielding a +0 hand axe.
The orc shouts!
A puff of flame appears from out of your range of vision.
The puff of flame hits your orc skeleton!
Your orc skeleton is destroyed!
Casting: Necrotise (safe; 5% risk of failure)
Confirm with . or Enter, or press ? or * to list all spells.
Aiming: Necrotise (safe; 5% risk of failure)
Press: ? - help, Shift-Dir - straight line, f - orc
Aim: an orc, wielding a +0 hand axe (chance to affect: 86%)
The orc writhes in agony.
An orc wizard comes into view. It is wielding a +0 dagger.
Casting: Necrotise (safe; 5% risk of failure)
Confirm with . or Enter, or press ? or * to list all spells.
Aiming: Necrotise (safe; 5% risk of failure)
Press: ? - help, Shift-Dir - straight line, f/p - orc
Aim: an orc, wielding a +0 hand axe (lightly wounded, chance to affect: 86%)
The orc writhes in agony.
The orc wizard shouts!
Casting: Necrotise (safe; 5% risk of failure)
Confirm with . or Enter, or press ? or * to list all spells.
Aiming: Necrotise (safe; 5% risk of failure)
Press: ? - help, Shift-Dir - straight line, f/p - orc
Aim: an orc, wielding a +0 hand axe (heavily wounded, chance to affect: 86%)
The orc barely resists.
Casting: Necrotise (safe; 5% risk of failure)
Confirm with . or Enter, or press ? or * to list all spells.
The spell is quite dangerous to miscast (16% risk of failure)!
Continue anyway?
Aiming: Vampiric Draining (quite dangerous; 16% risk of failure)
Press: ? - help, Shift-Dir - straight line, f/p - orc
Aim: an orc, wielding a +0 hand axe (heavily wounded)
You draw life force from the orc!
You kill the orc!
You feel life coursing into your body.
An orc comes into view. It is wielding a +0 dagger.
Casting: Vampiric Draining (quite dangerous; 16% risk of failure)
Confirm with . or Enter, or press ? or * to list all spells.
Aiming: Necrotise (safe; 4% risk of failure)
Press: ? - help, Shift-Dir - straight line, f - orc wizard
Aim: an orc wizard, wielding a +0 dagger and wearing a +0 robe (chance to affect: 73%)
The orc wizard writhes in agony!
Casting: Necrotise (safe; 4% risk of failure)
Confirm with . or Enter, or press ? or * to list all spells.
Aiming: Necrotise (safe; 4% risk of failure)
Press: ? - help, Shift-Dir - straight line, f/p - orc wizard
Aim: an orc wizard, wielding a +0 dagger and wearing a +0 robe (heavily wounded, chance to affect: 73%)
The orc wizard struggles to resist.
Casting: Necrotise (safe; 4% risk of failure)
Confirm with . or Enter, or press ? or * to list all spells.
The spell is quite dangerous to miscast (16% risk of failure)!
Continue anyway?
Aiming: Vampiric Draining (quite dangerous; 16% risk of failure)
Press: ? - help, Shift-Dir - straight line, f/p - orc wizard
Aim: an orc wizard, wielding a +0 dagger and wearing a +0 robe (heavily wounded)
You miscast Vampiric Draining.
You are very lightly contaminated with residual magic.
Nothing appears to happen.
The orc wizard hits you with a +0 dagger.
* * * LOW HITPOINT WARNING * * *
Casting: Vampiric Draining (quite dangerous; 16% risk of failure)
Confirm with . or Enter, or press ? or * to list all spells.
The spell is quite dangerous to miscast (16% risk of failure)!
Continue anyway?
Aiming: Vampiric Draining (quite dangerous; 16% risk of failure)
Press: ? - help, Shift-Dir - straight line, f/p - orc wizard
Aim: an orc wizard, wielding a +0 dagger and wearing a +0 robe (heavily wounded)
You miscast Vampiric Draining.
The world around you seems to dim momentarily!
You feel drained.
You die...

#...........#...............
#...........................
#.............###..###.##+##
#########.....# #...
#.....### ##.# #..)..... ..
########..).######
..........o.......
########.#@################
.........#)# #.........
##########.#######.########
#.#.....#.........
#.#.###.###...####
########.#.#.#.# #...#
#............#.# #...#
#.........##.#.###...####
#.........##.....'...'...


You could see an orc wizard.

Vanquished Creatures
  A worm (D:2)
  3 orcs (D:2)
  2 ball pythons (D:1)
  3 bats (D:1)
  2 giant cockroaches (D:1)
  A goblin (D:1)
  3 jackals (D:1)
  2 quokkas
  3 frilled lizards
  7 rats
27 creatures vanquished.

Vanquished Creatures (collateral kills)
  A goblin (D:1)
  A rat (D:1)
2 creatures vanquished.

Grand Total: 29 creatures vanquished

Notes
Turn   | Place    | Note
-------+----------+-------------------------------------------
     0 | D:1      | RascalDebosk the Djinni Necromancer began the quest for the
                  | Orb.
     0 | D:1      | RascalDebosk set off with the following spells memorised:
                  | Necrotise, Vampiric Draining, Animate Dead, Agony.
     0 | D:1      | Reached XP level 1. HP: 15/15 MP: 0/0
    48 | D:1      | Found Asoqar's Jewellery Boutique.
   214 | D:1      | Found a faded altar of an unknown god.
   254 | D:1      | Reached XP level 2. HP: 18/22 MP: 0/0
   278 | D:1      | Reached skill level 1 in Fighting
   581 | D:1      | Reached XP level 3. HP: 26/27 MP: 0/0
   581 | D:1      | Learned a level 1 spell: Freeze
  1050 | D:2      | Reached skill level 1 in Armour
  1379 | D:2      | Killed by miscasting Vampiric Draining

Illustrated notes

Levels and vault maps discovered:
D:1:      dpeg_arrival_arbitrary_c, layout_loops_ring,
          shapermc_ecumenical_altar_ellora, serial_shops,
          nicolae_shop_tiny_glass
D:2:      layout_basic, uniq_jessica

Skill      XL: |  1  2  3 |
---------------+----------+-----
Fighting       | 1 |  1.7
Armour         | 1 |  1.0
Dodging        | |  2.1
Stealth        | |  1.5
Spellcasting   | |  3.6

Action                     || total
---------------------------++-------
   Cast: Necrotise         ||    59
         Vampiric Draining ||     4
 Armour: Robe              ||     2
  Dodge: Dodged            ||    17
